 Dungeon Crawl Stone Soup version 0.27.1-1-g398f81649c (webtiles) character file.

Game seed: 6709766462617916208

8 Crownlay the Skirmisher (level 2, -1/28 HPs)
             Began as a Minotaur Monk on Sept 21, 2021.
             Slain by a goblin (3 damage)
             ... on level 1 of the Dungeon.
             The game lasted 00:00:54 (161 turns).

Crownlay the Skirmisher (Minotaur Monk)              Turns: 161, Time: 00:00:54

Health: -1/28      AC:  2    Str: 15    XL:     2   Next: 0%
Magic:  1/1        EV: 12    Int:  7    God:
Gold:   0          SH:  0    Dex: 12    Spells: 1/1 levels left

rFire    . . .     SeeInvis .   a - +0 falchion
rCold    . . .     Faith    .   (no shield)
rNeg     . . .     Spirit   .   b - +0 robe
rPois    .         Reflect  .   (helmet restricted)
rElec    .         Harm     .   (no cloak)
rCorr    .         Rampage  .   (no gloves)
Will     .....                  (no boots)
Stlth    ++........             (no amulet)
HPRegen  0.09/turn              (no ring)
MPRegen  0.07/turn              (no ring)

@: no status effects
A: horns 2, retaliatory headbutt
a: no special abilities


You were on level 1 of the Dungeon.
You visited 1 branch of the dungeon, and saw 1 of its levels.

Inventory:

Hand Weapons
 a - a +0 falchion (weapon)
Armour
 b - a +0 robe (worn)


   Skills:
 + Level 4.3 Fighting
 - Level 3.6 Long Blades
 - Level 3.2 Dodging
 - Level 1.5 Stealth


You had one spell level left.
You didn't know any spells.
Your spell library was empty.

Dungeon Overview and Level Annotations

Branches:
Dungeon (1/15)

Altars:


Innate Abilities, Weirdness & Mutations

You have a pair of horns on your head.
You reflexively headbutt those who attack you in melee.


Message History

You are too injured to fight recklessly!
You are too injured to fight recklessly!
You are too injured to fight recklessly!
Found 5 gold pieces.
The endoplasm freezes you.
You are frozen.
The goblin hits you but does no damage.
You see here 5 gold pieces.
You hit the endoplasm.
The endoplasm is heavily wounded.
The endoplasm freezes you.
You are frozen.
* * * LOW HITPOINT WARNING * * *
You slash the endoplasm!
You kill the endoplasm!
The giant cockroach bites you but does no damage.
You barely miss the giant cockroach. The giant cockroach closely misses you.
You closely miss the giant cockroach.
You headbutt the giant cockroach, but do no damage.
The giant cockroach bites you.
* * * LOW HITPOINT WARNING * * *
You barely miss the giant cockroach.
The giant cockroach completely misses you.
The giant cockroach bites you.
* * * LOW HITPOINT WARNING * * *
You aren't carrying any potions.
Sorry, you're not good enough to have a special ability.
You aren't carrying any potions.
You hit the giant cockroach but do no damage.
Your headbutt misses the giant cockroach.
The giant cockroach completely misses you.
You hit the giant cockroach. You headbutt the giant cockroach.
You kill the giant cockroach!
You slash the goblin!
You kill the goblin!
You have reached level 2!
You barely miss the goblin. Your headbutt misses the goblin.
The goblin barely misses you.
You completely miss the goblin. Your headbutt misses the goblin.
The goblin hits you with a +0 club.
You die...

.#.#+###+#.#####
...............#
...............# ####
!..............# #...
...............### #...
#................######...
....................).....
##.....w###......######...
....⌠..rg@#.##............
###...###.#.##....♣♣♣♣♣♣♣♣
♣≈.... .....+...♣♣ ♣
♣≈♣#.# ####.##.♣♣♣ ≈ P.
.....♣ ≈≈≈ #.#.. ≈≈≈ #.##
# ♣## .♣#


You could see a dart slug, a goblin and a rat.

Vanquished Creatures
  A ball python (D:1)
  An endoplasm (D:1)
  A giant cockroach (D:1)
  3 goblins (D:1)
  A rat (D:1)
7 creatures vanquished.

Notes
Turn   | Place    | Note
-------+----------+-------------------------------------------
     0 | D:1      | Crownlay the Minotaur Monk began the quest for the Orb.
     0 | D:1      | Reached XP level 1. HP: 19/19 MP: 0/0
   122 | D:1      | Reached skill level 4 in Fighting
   156 | D:1      | HP: 1/20 [giant cockroach (1)]
   160 | D:1      | Reached XP level 2. HP: 2/28 MP: 1/1
   161 | D:1      | Slain by a goblin

Illustrated notes

Levels and vault maps discovered:
D:1:      dpeg_arrival_tiny_i, layout_basic,
          shapermc_ecumenical_altar_totnotflames, hangedman_feature_mirror,
          chequers_serial_rivers_micro_d, serial_bayou_lake_a

Skill      XL: |  1 |
---------------+----+-----
Fighting       | 4 |  4.3
Long Blades    | |  3.6
Dodging        | |  3.2
Stealth        | |  1.5

Action                   || total
-------------------------++-------
Melee: Falchion          ||    18
       Headbutt          ||     3
 Stab: Sleeping          ||     2
Armor: Robe              ||     2
Dodge: Dodged            ||     6
